 Dungeon Crawl Stone Soup version 0.30-a0-1122-g620db56ad9 (console) character file.

Game seed: 3691481713633427668

8249 Banquo the Thaumaturge (level 11, -2/78 HPs)
             Began as a Djinni Fire Elementalist on Apr 21, 2023.
             Was a Believer of Cheibriados.
             Slain by a six-headed hydra (14 damage)
             ... on level 2 of the Lair of Beasts on Apr 22, 2023.
             The game lasted 00:39:53 (9622 turns).

Banquo the Thaumaturge (Djinni Fire Elementalist)   Turns: 9622, Time: 00:39:54

Health: -2/78      AC:  3    Str: 15    XL:     11   Next: 52%
Gold:   234        EV: 30    Int: 31    God:    Cheibriados [**....] SH:  0 Dex: 20

rFire   + + .        a - +11 rapier "Qoba" {spect, Will++ Str+3}
rCold   x . .        (no shield)
rNeg    . . .        z - +0 robe
rPois   ∞            (no helmet)
rElec   .            (no cloak)
rCorr   +            m - +0 pair of gloves
SInv    .            (boots unavailable)
Will    +++..        l - amulet of the acrobat
Stlth   ++           B - +6 ring of intelligence
HPRegen 0.33/turn    i - ring of resist corrosion
MPRegen 0.00/turn

%: acrobat, infuse magic (-3 HP)
@: acrobatic, flying, very slow
A: sickness immunity, fire resistance 2, cold vulnerability 1, float, innate
caster, HP casting, extra vitality 1
a: Renounce Religion, Bend Time


You were on level 2 of the Lair of Beasts.
You worshipped Cheibriados.
Cheibriados was pleased with you.
You visited 3 branches of the dungeon, and saw 12 of its levels.

You collected 477 gold pieces.
You spent 243 gold pieces at shops.

Inventory:

Hand Weapons
 a - the +11 rapier "Qoba" (weapon) {spect, Will++ Str+3}
   (You bought it in a shop on level 7 of the Dungeon)

   Str:       It affects your strength (+3).
   Will:      It greatly increases your willpower.
 b - a +1 rapier of venom
 g - the +3 war axe "Paof" {elec, *Noise Str+5}
   (You found it on level 4 of the Dungeon)

   Str:       It affects your strength (+5).
   *Noise:    It may make noises in combat.
 q - a +0 scimitar of flaming
Missiles
 A - 2 throwing nets
Armour
 m - a +0 pair of gloves (worn)
 z - a +0 robe (worn)
Jewellery
 c - an amulet of reflection
 i - a ring of resist corrosion (right hand)
 l - an amulet of the acrobat (around neck)
 B - a +6 ring of intelligence (left hand)
 F - a ring of fire
Wands
 D - a wand of flame (7)
Scrolls
 e - a scroll of enchant armour {unknown}
 f - 4 scrolls of poison
 h - 4 scrolls of teleportation
 n - 2 scrolls of fog
Potions
 d - 2 potions of might
 k - 2 potions of brilliance {unknown}
 o - 4 potions of mutation {unknown}
 p - 5 potions of heal wounds
 r - 2 potions of cancellation
 w - 2 potions of curing {unknown}
 C - a potion of attraction {unknown}
 E - a potion of lignification
Miscellaneous
 s - a phantom mirror


   Skills:
 * Level 6.8 Fighting
 * Level 4.0 Short Blades
 * Level 5.3 Dodging
 - Level 1.5 Stealth
 * Level 3.8 Shields
 + Level 10.5 Spellcasting
 * Level 3.9 Invocations


You knew the following spells:

 Your Spells              Type           Power      Damage    Failure   Level
a - Ensorcelled Hibernat  Hex/Ice        100%       N/A       1%          2
b - Volatile Blastmotes   Fire/Tloc      100%       2d18      1%          3
c - Scorch                Fire           100%       2d9       1%          2
d - Summon Small Mammal   Summ           100%       N/A       1%          1
m - Iskenderun's Mystic   Conj/Tloc      69%        2d14      1%          4
o - Ozocubu's Armour      Ice            69%        N/A       1%          3
t - Tukima's Dance        Hex            69%        N/A       1%          3
w - Flame Wave            Conj/Fire      69%        2d16      1%          4
z - Foxfire               Conj/Fire      100%       2x1d9     1%          1
L - Inner Flame           Hex/Fire       69%        N/A       1%          3
Your spell library was empty.

Dungeon Overview and Level Annotations

Branches:
Dungeon (9/15)             Temple (1/1) D:7            Lair (1/5) D:9
    Orc: D:9-12

Altars:
Cheibriados
Dithmenos
Elyvilon
Fedhas
Gozag
Nemelex Xobeh
Okawaru
Qazlal
Ru
Trog
Uskayaw
Wu Jian
Yredelemnul
Zin
The Shining One

Shops:
D:7 :[[(*[

Annotations:
D:7 1 runed translucent door, Crazy Yiuf
Lair:1 exclusion: oklob plant


Innate Abilities, Weirdness & Mutations

You are immune to sickness and miasma.
You are immune to poison.
Your flesh is very heat resistant. (rF++)
You are vulnerable to cold. (rC-)
You float through the air rather than walking.
You learn spells naturally, not from books.
Your magical power is your life essence.
You have superior vitality. (+4 MHP)


Message History

You conjure some foxfire!
Casting: Scorch (safe; 1% risk of failure)
Press: ? - help, Q - select action, (/) - cycle Dir - look around, f - activate Flames lash the six-headed hydra.
The six-headed hydra is lightly wounded.
The six-headed hydra's fire resistance burns away.
The foxfire hits the six-headed hydra.
The six-headed hydra is lightly wounded.
The foxfire hits the six-headed hydra.
The six-headed hydra is burned terribly!
The six-headed hydra is lightly wounded.
Casting: Scorch (safe; 1% risk of failure)
Press: ? - help, Q - select action, (/) - cycle Dir - look around, f - activate Flames lash the six-headed hydra.
The six-headed hydra is burned terribly!
The six-headed hydra is moderately wounded.
Unknown command.
Casting: Scorch (safe; 1% risk of failure)
Confirm with . or Enter, or press ? or * to list all spells.
Casting: Flame Wave (safe; 1% risk of failure)
Press: ? - help, Dir - look around, f - activate A wave of flame ripples out!
The flame wave engulfs the six-headed hydra!
The six-headed hydra is burned terribly!
The six-headed hydra is heavily wounded. (Press . to intensify the flame waves.)
The six-headed hydra completely misses you.
The six-headed hydra bites you! x2; The six-headed hydra bites you. x2
The six-headed hydra bites you!
* * * LOW HITPOINT WARNING * * *
Unknown command.
A wave of flame ripples out!
The flame wave engulfs the six-headed hydra!!
The six-headed hydra is burned terribly!
The six-headed hydra is severely wounded.
* * * LOW HITPOINT WARNING * * *
The six-headed hydra bites you.
* * * LOW HITPOINT WARNING * * *
The six-headed hydra bites you!
You die...

..# #......# ...
......### ....
#......P#
....P###......#
.....#P#......#
..............#
.............#
......D@.....#
.............#
#P#P####.....## #
#......#
##.....## #.#
#......# ....
#......# #.....#
#......# ###
#.....###......##


You could see a six-headed hydra (combustible).

Vanquished Creatures
  Erica (D:9)
  Maggie (Lair:1)
  A cane toad (Lair:2)
  2 kobold demonologists (D:9)
  A hornet (D:9)
  Grinder (D:4)
  18 yaks
  Grum (D:9)
  A steam dragon (D:9)
  4 water moccasins
  3 orc warriors
  A sky beast (D:7)
  A black bear (D:9)
  An ogre (D:5)
  2 ice beasts (D:7)
  2 wolves (D:9)
  2 centaurs
  A kobold brigand (D:9)
  A phantom (D:5)
  Blork the orc (D:4)
  2 bullfrogs (D:9)
  3 scorpions
  8 wights
  4 killer bees (D:9)
  An electric eel (D:7)
  A howler monkey (D:6)
  A hound (D:5)
  A gnoll bouda (D:7)
  An orc priest (D:9)
  2 sleepcaps
  5 iguanas
  7 orc wizards
  8 gnolls
  3 adders
  A white imp (D:6)
  2 ufetubi
  2 worms
  2 dart slugs
  31 orcs
  7 endoplasms
  2 giant cockroaches (D:3)
  6 goblins
  9 hobgoblins
  3 jackals (D:1)
  4 kobolds
  A quokka (D:4)
  6 ball pythons
  7 bats
  5 frilled lizards (D:1)
  5 rats
186 creatures vanquished.

Vanquished Creatures (collateral kills)
  A foxfire (D:9)
1 creature vanquished.

Vanquished Creatures (others)
  A dancing weapon (Lair:1)
  462 foxfires
  14 fungi
  13 plants
  A spectral weapon (D:9)
491 creatures vanquished.

Grand Total: 678 creatures vanquished

Notes
Turn   | Place    | Note
-------+----------+-------------------------------------------
     0 | D:1      | Banquo the Djinni Fire Elementalist began the quest for the
                  | Orb.
     0 | D:1      | Banquo set off with the following spells memorised:
                  | Foxfire, Scorch, Volatile Blastmotes, Inner Flame, Flame
                  | Wave.
     0 | D:1      | Reached XP level 1. HP: 15/15 MP: 0/0
    74 | D:1      | Reached XP level 2. HP: 19/22 MP: 0/0
   346 | D:1      | Reached skill level 3 in Spellcasting
   354 | D:1      | Reached XP level 3. HP: 19/26 MP: 0/0
   354 | D:1      | Learned a level 1 spell: Summon Small Mammal
   486 | D:1      | Reached skill level 1 in Fighting
   780 | D:2      | Found a glowing golden altar of the Shining One.
   921 | D:2      | Found a faded altar of an unknown god.
   921 | D:2      | Noticed a Hell Sentinel
  1083 | D:2      | Reached XP level 4. HP: 28/32 MP: 0/0
  1514 | D:3      | Found a hide-covered altar of Uskayaw.
  2407 | D:4      | Noticed Grinder
  2415 | D:4      | Killed Grinder
  2416 | D:4      | Reached skill level 4 in Spellcasting
  2416 | D:4      | Reached XP level 5. HP: 18/39 MP: 0/0
  2416 | D:4      | Learned a level 2 spell: Ensorcelled Hibernation
  2416 | D:4      | Reached XP level 6. HP: 21/45 MP: 0/0
  2775 | D:4      | Noticed Blork the orc
  2807 | D:4      | Killed Blork the orc
  2808 | D:4      | Reached skill level 5 in Spellcasting
  3075 | D:4      | Reached XP level 7. HP: 47/49 MP: 0/0
  3075 | D:4      | Learned a level 3 spell: Tukima's Dance
  3095 | D:4      | Identified the +3 war axe "Paof" {elec, *Noise Str+5}
  3370 | D:5      | Entered Level 5 of the Dungeon
  3870 | D:5      | Noticed a water moccasin
  3874 | D:5      | Killed a water moccasin
  3875 | D:5      | Reached skill level 6 in Spellcasting
  3940 | D:5      | Reached XP level 8. HP: 29/57 MP: 0/0
  5097 | D:6      | Reached skill level 7 in Spellcasting
  5445 | D:7      | Found Uffeaf's Armour Boutique.
  5515 | D:7      | Reached XP level 9. HP: 59/63 MP: 0/0
  5515 | D:7      | Learned a level 3 spell: Ozocubu's Armour
  5589 | D:7      | Found Evujue Kucu's Antique Weapon Boutique.
  5592 | D:7      | Bought an ancient rapier for 243 gold pieces
  5592 | D:7      | Identified the +11 rapier "Qoba" {spect, Will++ Str+3} (You
                  | bought it in a shop on level 7 of the Dungeon)
  5602 | D:7      | Found Louteod's Assorted Antiques.
  5657 | D:7      | Reached skill level 8 in Spellcasting
  5669 | D:7      | Reached skill level 5 in Fighting
  5669 | D:7      | Reached skill level 1 in Short Blades
  5826 | D:7      | Found a staircase to the Ecumenical Temple.
  5834 | Temple   | Entered the Ecumenical Temple
  6027 | Temple   | Became a worshipper of Cheibriados the Contemplative
  6293 | D:7      | Found Surcha's Antique Armour Shoppe.
  6352 | D:7      | Found Zuimp's Self-Improvement Boutique.
  6576 | D:7      | You are sucked into a shaft and drop 2 floors!
  6580 | D:9      | Noticed Grum
  6588 | D:9      | Killed Grum
  6599 | D:9      | Reached skill level 1 in Invocations
  6850 | D:7      | Found a runed translucent door.
  6851 | D:7      | Noticed Crazy Yiuf
  6914 | D:7      | Found Guesutti's Armour Shop.
  7290 | D:8      | Reached XP level 10. HP: 65/70 MP: 0/0
  7406 | D:8      | Reached * piety under Cheibriados
  7426 | D:8      | Found a glowing golden altar of the Shining One.
  7439 | D:8      | Reached skill level 1 in Shields
  7439 | D:8      | Reached skill level 9 in Spellcasting
  7507 | D:8      | Found a sparkling altar of Nemelex Xobeh.
  7507 | D:8      | Found a bloodstained altar of Trog.
  7603 | D:8      | Found a basalt altar of Yredelemnul.
  8014 | D:9      | Noticed Erica
  8108 | D:9      | Killed Erica
  8371 | D:9      | Reached XP level 11. HP: 47/77 MP: 0/0
  8371 | D:9      | Learned a level 4 spell: Iskenderun's Mystic Blast
  8490 | D:9      | Reached skill level 10 in Spellcasting
  8543 | D:9      | Reached ** piety under Cheibriados
  8689 | D:9      | Reached skill level 5 in Dodging
  8937 | D:9      | Found a glowing silver altar of Zin.
  9003 | D:9      | Found a staircase to the Lair.
  9456 | Lair:1   | Entered Level 1 of the Lair of Beasts
  9456 | Lair:1   | Noticed an oklob plant
  9456 | Lair:1   | Noticed Maggie
  9463 | Lair:1   | Killed Maggie
  9521 | Lair:1   | You are sucked into a shaft and drop 1 floor!
  9614 | Lair:2   | Noticed a six-headed hydra
  9622 | Lair:2   | Slain by a six-headed hydra

Illustrated notes

Levels and vault maps discovered:
D:1:      shiori_arrival_elements, layout_basic
D:2:      layout_basic, dreamdust_ecumenical_altar_sealed_demon, basic_altar
D:3:      layout_basic, general_overflow_altar
D:4:      layout_basic, uniq_grinder, uniq_blork_the_orc
D:5:      layout_rooms
D:6:      layout_rooms, minmay_misc_feat_rows
D:7:      layout_loops_ring, minmay_temple_entry_statues_pillars, serial_shops,
          nicolae_shop_back_alley_shop,
          nicolae_shop_competitors_out_of_business, shop,
          nicolae_shop_window_shopping, nicolae_take_the_stairs,
          kennysheep_donut, nicolae_shop_self_help, uniq_crazy_yiuf_cottage
D:8:      layout_rooms, nicolae_overflow_hallway_of_the_gods
D:9:      layout_roguey, mainiacjoe_overflow_alcove_4,
          grunt_lair_entry_orc_guard_hut, chequers_hall_statues_y,
          minmay_misc_feat_chi, uniq_grum, uniq_erica
Temple:   chequers_temple_sunken
Lair:1:   layout_gridlike, lemuel_oklob_altar, uniq_maggie
Lair:2:   layout_cellular_growth, shoals_dummy_entry

Skill      XL: |  1  2  3  4  5  6  7  8  9 10 11 |
---------------+----------------------------------+-----
Spellcasting   | 3 4 5 6 7 8 9 10 | 10.5
Fighting       | 1 2 3 4 5 6 |  6.8
Short Blades   | 2 3 4 |  4.0
Dodging        | 3 4 5 |  5.3
Invocations    | 1 3 |  3.9
Shields        | 2 3 |  3.8
Stealth        | |  1.5

Action                     |  1- 3 |  4- 6 |  7- 9 | 10-12 || total
---------------------------+-------+-------+-------+-------++-------
  Melee: Unarmed           |     1 |       |       |       ||     1
         Dagger            |       |     1 |       |       ||     1
         War axe           |       |       |     2 |       ||     2
         Rapier            |       |       |     6 |    18 ||    24
   Cast: Foxfire           |    73 |    38 |   122 |    44 ||   277
         Scorch            |     6 |    19 |    45 |    38 ||   108
         Volatile Blastmot |       |     7 |    20 |     3 ||    30
         Summon Small Mamm |       |     2 |       |       ||     2
         Flame Wave        |       |       |     1 |    16 ||    17
         Tukima's Dance    |       |       |       |     6 ||     6
         Iskenderun's Myst |       |       |       |     1 ||     1
         Ozocubu's Armour  |       |       |       |     1 ||     1
    Use: Scroll            |       |       |    17 |     1 ||    18
   Stab: Distracted        |       |       |     1 |       ||     1
 Armour: Robe              |     1 |     1 |     4 |     4 ||    10
  Dodge: Dodged            |     3 |     2 |    13 |    34 ||    52
  Block: Other             |     6 |     2 |     6 |     1 ||    15
         Reflection        |       |       |     1 |       ||     1

Table legend: (Time is in decaauts)
 A = Elapsed time spent in this place.
 B = Non-inter-level travel time spent in this place.
 C = Inter-level travel time spent in this place.
 D = Time resting spent in this place.
 E = Time spent auto-exploring this place.
 F = Levels seen in this place.
 G = Mean time per level.
                   A        B        C        D        E       F      G
               +--------+--------+--------+--------+--------+-----+--------+
         Total |  10407 |   9288 |   1119 |   1595 |   5759 |  12 |  867.2 |
       Dungeon |   9968 |   8898 |   1070 |   1549 |   5593 |   9 | 1107.6 |
        Temple |    226 |    177 |     49 |      0 |    166 |   1 |  226.0 |
          Lair |    212 |    212 |      0 |     46 |      0 |   2 |  106.0 |
               +--------+--------+--------+--------+--------+-----+--------+

Top non-repeatable levels by time:
     D:9: 1836 daAuts
     D:7: 1500 daAuts
     D:4: 1323 daAuts
     D:5: 1171 daAuts
     D:8: 1056 daAuts
     D:3: 821 daAuts
     D:6: 781 daAuts
     D:2: 750 daAuts
     D:1: 726 daAuts
  Temple: 226 daAuts
  Lair:2: 144 daAuts
  Lair:1: 67 daAuts
